Map: Submarine LE

Players

DPGRogue (Rogue)

  • Race: Zerg Zerg
  • Spawn Location: 5:00

Stats - Winner!

  • Race: Protoss Protoss
  • League: Grandmaster
  • Spawn Location: 11:00

Event: StayAtHome Story Cup #3

VOD

Have the link to the VOD?

Description

Time

  • Played on: March 14, 2021, 2:14 p.m.
  • Length: 9:08

All games in this series

Show
View Real Time Build Order
Export as new Build Order

DPGRogue Zerg 

Build Orders: Hatch First 

Get SALT Encoding   

  12  0:00  Drone  
  13  0:12  Overlord  
  13  0:16  Drone  
  14  0:30  Drone  
  15  0:42  Drone x2  
  17  0:51  Hatchery  
  17  0:55  Drone  
  17  0:58  Drone  
  18  1:09  Extractor  
  17  1:13  Spawning Pool  
  17  1:16  Drone  
  17  1:20  Drone  
  18  1:28  Drone  
  19  1:39  Overlord  
  19  1:49  Drone  
  20  1:59  Queen  
  20  2:00  Zergling x2  
  23  2:02  Queen  
  23  2:03  Zergling x2  
  26  2:11  Drone, Metabolic Boost  
  27  2:16  Drone  
  29  2:22  Drone  
  29  2:33  Zergling x2  
  30  2:42  Zergling x4  
  30  2:43  Hatchery  
  31  2:47  Overlord  
  31  2:57  Zergling x4  
  33  3:00  Zergling x2  
  34  3:08  Zergling x2  
  34  3:09  Zergling x2  
  36  3:14  Zergling x2  
  36  3:15  Zergling x10  
  40  3:26  Zergling x4  
  41  3:31  Overlord  
  41  3:34  Zergling x2  
  42  3:45  Zergling x6  
  43  3:52  Zergling x4  
  43  3:55  Zergling x2  
  44  3:57  Zergling x4  
  44  3:58  Zergling x6  
  44  3:59  Queen  
  49  4:05  Zergling x2  
  49  4:08  Zergling x2  
  49  4:09  Zergling x2  
  49  4:17  Drone x4  
  47  4:23  Drone  
  51  4:27  Zergling x6  
  53  4:32  Zergling x2  
  53  4:33  Zergling x4  
  53  4:38  Zergling x2  
  53  4:39  Zergling x2  
  53  4:43  Zergling x2  
  50  4:47  Zergling x2  
  50  4:48  Zergling x2  
  50  4:52  Zergling x4  
  51  4:57  Zergling x4  
  51  4:59  Zergling x2  
  52  5:00  Zergling x2  
  49  5:08  Zergling x4  
  49  5:11  Zergling x2  
  49  5:12  Zergling x6  
  51  5:18  Drone, Roach Warren  
  51  5:19  Drone  
  51  5:24  Drone  
  51  5:29  Overlord  
  51  5:30  Drone  
  51  5:31  Extractor  
  51  5:33  Drone  
  52  5:38  Drone x2  
  52  5:39  Drone  
  52  5:40  Drone  
  56  5:45  Overlord  
  56  5:46  Drone  
  56  5:49  Drone  
  58  5:54  Overlord  
  57  5:57  Roach  
  57  5:59  Roach  
  57  6:02  Roach  
  63  6:05  Roach  
  63  6:09  Overlord  
  63  6:10  Zergling x2  
  66  6:14  Zergling x4  
  66  6:16  Zergling x2  
  70  6:18  Zergling x2  
  70  6:19  Zergling x2  
  70  6:23  Ravager x2  
  70  6:24  Zergling x4  
  75  6:26  Zergling x2  
  75  6:28  Zergling x2  
  75  6:30  Zergling x2  
  74  6:40  Zergling x6  
  74  6:41  Zergling x6  
  74  6:43  Ravager  
  74  6:44  Zergling x2  
  74  6:45  Zergling x2  
  78  6:49  Zergling x2  
  78  6:52  Zergling x2  
  69  6:55  Zergling x2  
  69  6:59  Zergling x6  
  62  7:02  Zergling x2  
  60  7:09  Ravager  
  60  7:10  Zergling x4  
  60  7:11  Zergling x2  
  64  7:15  Zergling x2  
  64  7:16  Zergling x2  
  64  7:22  Zergling x6  
  69  7:26  Zergling x2  
  70  7:31  Zergling x6  
  73  7:38  Zergling x2  
  73  7:43  Zergling x2  
  73  7:44  Zergling x8  
  79  7:47  Zergling x2  
  79  7:50  Zergling x4  
  82  7:55  Overlord  
  82  7:59  Zergling x4  
  82  8:04  Zergling x2  
  82  8:05  Zergling x4  
  87  8:08  Zergling x4  
  87  8:12  Zergling x2  
  90  8:18  Zergling x2  
  90  8:19  Zergling x6  
  83  8:23  Zergling x4  
  68  8:27  Zergling x2  
  68  8:32  Zergling x2  
  68  8:33  Zergling x2  
  68  8:35  Zergling x2  
  68  8:37  Zergling x2  
  68  8:38  Zergling x2  
  64  8:44  Zergling x4  
  63  8:50  Zergling x6  
Show
View Real Time Build Order
Export as new Build Order

Stats Protoss - Winner!

Build Orders: 1 Gate Expand 

Get SALT Encoding   

  12  0:00  Probe  
  13  0:13  Pylon  
  13  0:18  Probe (Chrono Boost)  
  14  0:27  Probe (Chrono Boost)  
  15  0:32  Probe  
  16  0:40  Gateway  
  16  0:44  Probe  
  16  0:47  Assimilator  
  17  0:56  Probe  
  18  1:08  Probe  
  19  1:21  Probe  
  20  1:26  Nexus  
  20  1:34  Cybernetics Core  
  20  1:37  Probe  
  21  1:43  Assimilator  
  21  1:49  Probe  
  21  1:53  Pylon  
  22  2:01  Probe  
  23  2:08  Adept (Chrono Boost)  
  23  2:10  Warp Gate  
  23  2:13  Probe  
  26  2:25  Probe  
  26  2:28  Twilight Council, Adept (Chrono Boost)  
  29  2:38  Probe (Chrono Boost)  
  29  2:43  Probe (Chrono Boost)  
  31  2:48  Probe (Chrono Boost)  
  31  2:49  Robotics Facility  
  33  2:51  Probe (Chrono Boost)  
  33  2:55  Stalker  
  33  2:58  Probe  
  36  3:02  Probe  
  37  3:07  Gateway  
  37  3:12  Probe  
  38  3:14  Probe  
  38  3:24  Probe  
  38  3:25  Resonating Glaives (Chrono Boost)  
  38  3:26  Probe  
  40  3:31  Gateway  
  40  3:37  Pylon  
  38  3:49  Shield Battery  
  38  3:50  Pylon  
  38  3:57  Adept  
  38  3:59  Cybernetics Core  
  38  4:02  Zealot  
  42  4:03  Pylon  
  42  4:07  Pylon  
  42  4:08  Pylon  
  42  4:15  Pylon  
  42  4:21  Probe  
  42  4:22  Probe, Gateway  
  44  4:25  Gateway  
  44  4:31  Pylon  
  44  4:36  Sentry  
  44  4:37  Probe x2  
  48  4:38  Gateway  
  46  4:46  Pylon  
  44  4:55  Pylon  
  44  4:56  Pylon  
  42  5:00  Adept  
  42  5:18  Adept  
  42  5:20  Adept  
  42  5:21  Adept  
  48  5:24  Probe x2  
  50  5:29  Warp Prism (Chrono Boost)  
  50  5:32  Pylon  
  52  5:37  Adept  
  54  5:43  Adept  
  54  5:44  Shield Battery, Adept  
  54  5:48  Adept  
  60  5:53  Probe  
  60  5:54  Probe  
  62  6:05  Adept x3  
  62  6:08  Probe x2  
  62  6:10  Adept  
  72  6:14  Assimilator  
  72  6:16  Assimilator  
  72  6:30  Adept x4  
  80  6:41  Immortal  
  78  6:57  Adept x4  
  78  6:59  Probe x2  
  66  7:10  Pylon  
  66  7:13  Shield Battery  
  66  7:15  Shield Battery  
  60  7:18  Immortal (Chrono Boost)  
  60  7:19  Adept x3  
  70  7:24  Adept  
  72  7:34  Gateway  
  72  7:35  Gateway  
  72  7:43  Gateway  
  72  7:44  Pylon  
  72  7:47  Sentry x4  
  72  7:51  Warp Prism (Chrono Boost)  
  82  8:06  Pylon  
  82  8:09  Gateway  
  82  8:11  Sentry x3  
  88  8:17  Adept  
  64  8:29  Adept  
  64  8:30  Adept  
  68  8:39  Adept  
  66  8:42  Adept x4  
  74  8:53  Stalker x2  
Tags
 
Add a new tag
Caveats
  • Supply blocks, unpowered buildings, or Contaminate may cause inaccurate times.
  • Supply counts are checked every 10 seconds.